 Dungeon Crawl Stone Soup version 0.25.0-3-gd7cc5688da (webtiles) character file.

Game seed: 6919606158124969868

1398 Froggeryz the Basher (level 8, -6/69 HPs)
             Began as a Gargoyle Monk on June 15, 2020.
             Was a Believer of Okawaru.
             Killed from afar by an orc (36 damage)
             ... with an exploding inner flame
             ... hexed by the player character
             ... on level 7 of the Dungeon.
             The game lasted 00:09:24 (6411 turns).

Froggeryz the Basher (Gargoyle Monk)                Turns: 6411, Time: 00:09:24

Health: -6/69      AC: 24    Str: 16    XL:     8   Next: 69%
Magic:  8/8        EV:  2    Int: 12    God:    Okawaru [**....]
Gold:   324        SH:  0    Dex: 12    Spells: 7/7 levels left

rFire    . . .     SeeInvis .   h - +1 flail
rCold    . . .     Gourm    .   (no shield)
rNeg     + + +     Faith    .   (armour currently unavailable)
rPois    ∞         Spirit   .   (helmet currently unavailable)
rElec    .         Reflect  .   (cloak currently unavailable)
rCorr    .         Harm     .   (gloves currently unavailable)
MR       .....     NoTele   +   (boots currently unavailable)
Stlth    ++........             (no amulet)
HPRegen  0.21/turn              (no ring)
MPRegen  0.11/turn              (no ring)

@: tree-form, stab, very slightly contaminated, invisible
A: negative energy resistance 1, petrification resistance, rot immunity, AC +5
a: Heroism, Renounce Religion


You were on level 7 of the Dungeon.
You worshipped Okawaru.
Okawaru was pleased with you.
You were not hungry.
You were a tree.
You visited 2 branches of the dungeon, and saw 8 of its levels.

You collected 324 gold pieces.

Inventory:

Hand Weapons
 h - a +1 flail (weapon)
 A - a +2 whip of draining
Missiles
 a - 7 curare-tipped darts (quivered)
Armour
 j - a +0 kite shield
 m - a +0 scale mail (melded)
 s - a +0 pair of boots (melded)
 y - a +0 cloak (melded)
Wands
 u - a wand of random effects (27)
 v - a wand of iceblast (8)
 x - a wand of flame (27)
Scrolls
 i - 3 scrolls of remove curse
 r - a scroll of random uselessness
 z - 2 scrolls of identify
Potions
 b - a potion of mutation
 e - a potion of stabbing
 f - 2 potions of flight
 g - a potion of brilliance
Comestibles
 c - 7 rations
 C - a chunk of flesh


   Skills:
 - Level 3.2 Fighting
 * Level 9.1 Maces & Flails
 - Level 2.3 Armour
 - Level 2.4 Dodging
 - Level 2.1 Stealth
 + Level 5.7 Shields


You had 7 spell levels left.
You didn't know any spells.
Your spell library was empty.

Dungeon Overview and Level Annotations

Branches:
Dungeon (7/15)             Temple (1/1) D:6

Altars:
Ashenzari
Cheibriados
Fedhas
Hepliaklqana
Kikubaaqudgha
Makhleb
Okawaru
Qazlal
Ru
Sif Muna
Trog
Vehumet
Wu Jian
Xom
Yredelemnul
Zin

Annotations:
D:7 Menkaure


Innate Abilities, Weirdness & Mutations

You are resistant to torment.
((Your stone body is resilient. (AC +5)))
You are immune to poison.
You resist negative energy. (rN+)
((You are resistant to electric shocks. (rElec)))
((You can survive without breathing.))
You are immune to petrification.
You are immune to rotting.


Message History

The phantom hits you but does no damage.
The howler monkey hits you but does no damage.
Menkaure is engulfed in blazing flames.
Flame seeps out of Menkaure.
Menkaure hits you. The kobold hits you but does no damage.
Unknown command.
You feel ready to backstab.
The meliai zombie hits you but does no damage. x2
A kobold comes into view. It is wielding a +0 club.
The phantom hits you but does no damage.
The orc hits you but does no damage.
The howler monkey hits you but does no damage.
Menkaure is engulfed in blazing flames.
Flame seeps out of Menkaure.
Menkaure hits you but does no damage.
The meliai zombie hits you but does no damage. x2
The kobold hits you but does no damage.
The orc warrior throws a stone.
The stone hits the orc!
The orc explodes!
The fiery explosion engulfs you!!!
Ouch! That really hurt!
You die...

.. ###. ..K .. KK ...
#%. #. ..## #...##.####
#..# #......KWZ#
#####..#
#.....†♣h.####.!....###
#.....MZ§4............
###....o§§####.....#.#
#.......oZ.....# #§#
#........5...#####§##
######...Z.W..§§§§§§#
#........§§§§#§##
######...§§§§#oZ#
#....§§§##o#


You could see a hellwing (inner flame), 2 phantoms, an orc warrior (inner
flame), a big kobold (wandering), Menkaure (fast, inner flame), a howler monkey,
an orc wizard (fast, inner flame), a shadow imp (inner flame), a meliai zombie,
3 kobolds, a wyvern skeleton (wandering) and 2 centaur warrior skeletons.

Vanquished Creatures
  Sigmund (D:4)
  A water moccasin (D:5)
  A necrophage (D:7)
  5 electric eels (D:6)
  4 crimson imps
  2 hounds
  An orc wizard (D:6)
  2 orc priests
  2 jellies (D:6)
  Crazy Yiuf (D:5)
  An iguana (D:4)
  3 worker ants
  A killer bee zombie (D:7)
  A worker ant zombie (D:5)
  A howler monkey skeleton (D:6)
  9 adders
  10 gnolls
  2 shadow imps
  2 oozes
  An adder zombie (D:5)
  An adder skeleton (D:4)
  A worm (D:3)
  A dart slug (D:3)
  4 leopard geckos
  23 orcs
  5 bats (D:1)
  4 giant cockroaches
  13 goblins
  5 hobgoblins
  10 jackals
  3 quokkas
  A ball python (D:1)
  4 frilled lizards
  A jackal skeleton (D:4)
  5 kobolds
  A leopard gecko zombie (D:5)
  11 rats
  A plant (D:6)
145 creatures vanquished.

Vanquished Creatures (others)
  2 plants (D:6)
2 creatures vanquished.

Grand Total: 147 creatures vanquished

Notes
Turn   | Place    | Note
-------+----------+-------------------------------------------
     0 | D:1      | Froggeryz the Gargoyle Monk began the quest for the Orb.
     0 | D:1      | Reached XP level 1. HP: 14/14 MP: 1/1
    40 | D:1      | Reached XP level 2. HP: 17/19 MP: 2/2
    91 | D:1      | Reached skill level 1 in Armour
   243 | D:1      | Reached XP level 3. HP: 15/23 MP: 3/3
   841 | D:2      | Reached skill level 4 in Maces & Flails
   882 | D:2      | Found a bloodstained altar of Trog.
   982 | D:2      | Reached XP level 4. HP: 21/28 MP: 4/4
  1595 | D:2      | Found a glowing silver altar of Zin.
  1595 | D:2      | Found a burning altar of Makhleb.
  1596 | D:2      | Noticed a blizzard demon
  1596 | D:2      | Noticed an angel
  1916 | D:3      | Found a shimmering blue altar of Sif Muna.
  1918 | D:3      | Found a shattered altar of Ashenzari.
  1941 | D:3      | Reached XP level 5. HP: 26/32 MP: 5/5
  1953 | D:3      | Reached skill level 5 in Maces & Flails
  1953 | D:3      | Reached skill level 1 in Shields
  2375 | D:3      | Reached XP level 6. HP: 36/37 MP: 6/6
  2699 | D:4      | Noticed Sigmund
  2711 | D:4      | Killed Sigmund
  2711 | D:4      | Reached skill level 6 in Maces & Flails
  2806 | D:4      | Reached XP level 7. HP: 41/41 MP: 7/7
  2820 | D:4      | Found a shimmering altar of Xom.
  2946 | D:4      | Found an ancient bone altar of Kikubaaqudgha.
  3604 | D:5      | Entered Level 5 of the Dungeon
  3655 | D:5      | Reached skill level 7 in Maces & Flails
  4172 | D:5      | Found a runed translucent door.
  4173 | D:5      | Noticed Crazy Yiuf
  4559 | D:5      | Killed Crazy Yiuf
  4922 | D:6      | Reached XP level 8. HP: 34/46 MP: 8/8
  4987 | D:6      | Reached skill level 8 in Maces & Flails
  5307 | D:6      | Reached skill level 5 in Shields
  5808 | D:6      | Found a staircase to the Ecumenical Temple.
  5819 | Temple   | Entered the Ecumenical Temple
  6002 | Temple   | Became a worshipper of Warmaster Okawaru
  6002 | Temple   | Reached * piety under Okawaru
  6002 | Temple   | Reached ** piety under Okawaru
  6293 | D:7      | Noticed a hellwing
  6348 | D:7      | Reached skill level 9 in Maces & Flails
  6372 | D:7      | Noticed Menkaure
  6372 | D:7      | Noticed a hellwing
  6411 | D:7      | Killed from afar by an orc

Illustrated notes

Levels and vault maps discovered:
D:1:      heliophobic_arrival_henge, layout_loops_ring, minmay_vboxes
D:2:      layout_loops_ring, grunt_temple_overflow_order_and_chaos_2,
          bloody_trog, first_ration
D:3:      layout_basic, chequers_temple_overflow_statue_of_worship,
          chequers_serial_rivers_micro_e
D:4:      layout_gridville, kiku_gazebo_pond_becter, tgw_xom, uniq_sigmund
D:5:      layout_basic, uniq_crazy_yiuf_cottage
D:6:      cheibrodos_iron_armory, layout_cave_pools,
          minmay_temple_entry_proselytizer, chequers_serial_rivers_micro_a,
          serial_bayou_lake_a
D:7:      cheibrodos_grave_circle, layout_basic, nicolae_tso_besieged_by_evil,
          basic_altar, uniq_menkaure
Temple:   compressed_dpeg_triangle_lava_temple

Skill      XL: |  1  2  3  4  5  6  7  8 |
---------------+-------------------------+-----
Armour         | 1 2 |  2.3
Maces & Flails | 4 5 6 7 9 |  9.1
Shields        | 2 3 4 5 |  5.7
Fighting       | |  3.2
Dodging        | |  2.4
Stealth        | |  2.1

Action                   |  1- 3 |  4- 6 |  7- 9 || total
-------------------------+-------+-------+-------++-------
Melee: Mace              |   120 |    80 |       ||   200
       Flail             |       |   177 |   317 ||   494
       Whip              |       |       |    34 ||    34
  Use: Scroll            |       |     5 |     8 ||    13
       Potion            |       |     3 |     9 ||    12
 Stab: Sleeping          |     2 |       |       ||     2
       Distracted        |     1 |       |       ||     1
  Eat: Chunk             |       |     7 |     8 ||    15
       Ration            |       |       |     1 ||     1
Armor: Robe              |    52 |       |       ||    52
       Leather armour    |    12 |    38 |       ||    50
       Ring mail         |       |    23 |       ||    23
       Scale mail        |       |    76 |   182 ||   258
       Skin              |       |       |    21 ||    21
Dodge: Dodged            |    78 |   160 |   190 ||   428
